 Dungeon Crawl Stone Soup version 0.30.1-6-gbe392663c4 (webtiles) character file.

Game seed: 15251918995103013498

2085 H0rd4k the Cutter (level 9, -2/68 HPs)
             Began as a Human Artificer on Sept 20, 2023.
             Shot with an arrow by a centaur (8 damage)
             ... on level 6 of the Dungeon.
             The game lasted 00:08:44 (6774 turns).

H0rd4k the Cutter (Human Artificer)                 Turns: 6774, Time: 00:08:45

Health: -2/68      AC:  7    Str: 13    XL:     9   Next: 51%
Magic:  9/9        EV: 13    Int: 16    God:
Gold:   367        SH:  0    Dex: 13    Spells: 8/8 levels left

rFire   . . .        h - +2 dagger (elec)
rCold   . . .        (no shield)
rNeg    . . .        b - +0 leather armour
rPois   +            (no helmet)
rElec   .            (no cloak)
rCorr   .            (no gloves)
SInv    .            (no boots)
Will    .....        (no amulet)
Stlth   +            l - +4 ring of protection
HPRegen 0.31/turn    s - ring of poison resistance
MPRegen 0.11/turn

%: no passive effects
@: no status effects
A: no striking features
a: no special abilities


You were on level 6 of the Dungeon.
You visited 1 branch of the dungeon, and saw 6 of its levels.
You also visited: Sewer.

You collected 367 gold pieces.

Inventory:

Hand Weapons
 h - a +2 dagger of electrocution (weapon)
 m - a +1 dagger of venom
 n - a +2 whip of freezing
Missiles
 a - 15 poisoned darts
Armour
 b - a +0 leather armour (worn)
Magical Staves
 y - the staff of poison "Dixia" {rPois Will+ Dex+4}
   (You found it in a sewer)

   [staff of poison]

   Base accuracy: +5 Base damage: 5 Base attack delay: 1.2 This weapon's minimum
   attack delay (0.6) is reached at skill level 12.
   Dex:       It affects your dexterity (+4).
   rPois:     It protects you from poison.
   Will:      It increases your willpower.
   It falls into the 'Staves' category.
   It is a one-handed weapon.
Jewellery
 l - a +4 ring of protection (left hand)
 s - a ring of poison resistance (right hand)
Wands
 c - a wand of flame (26) (quivered)
 d - a wand of charming (9)
Scrolls
 f - 2 scrolls of enchant armour
 k - a scroll of magic mapping
 o - 5 scrolls of vulnerability
 p - a scroll of teleportation
 t - a scroll of identify
 u - a scroll of blinking
 w - a scroll of butterflies
 z - a scroll of torment {unknown}
 A - a scroll of amnesia {unknown}
 B - a scroll of fog {unknown}
Potions
 e - a potion of mutation
 g - a potion of lignification {unknown}
 i - 2 potions of attraction
 j - a potion of degeneration {unknown}
 q - a potion of flight {unknown}
 r - 2 potions of curing
 v - a potion of magic {unknown}
 x - 2 potions of invisibility {unknown}


   Skills:
 + Level 5.4 Fighting
 + Level 7.2 Short Blades
 - Level 0.3 Maces & Flails
 - Level 2.0 Armour
 + Level 5.9 Dodging
 - Level 1.0 Stealth
 + Level 5.5 Evocations


You had 8 spell levels left.
You didn't know any spells.
Your spell library contained the following spells:

 Spells                   Type           Power      Damage    Failure   Level
 Foxfire                  Conj/Fire      0%         2x1d4     32%         1
 Kiss of Death            Conj/Necr      0%         2d5       32%         1
 Magic Dart               Conj           0%         1d3       32%         1
 Slow                     Hex            0%         N/A       32%         1
 Cigotuvi's Dreadful Rot  Necr/Pois/Air  0%         N/A       43%         2
 Searing Ray              Conj           0%         2d4       43%         2
 Confusing Touch          Hex            0%         N/A       67%         3
 Ignite Poison            Fire/Tmut/Pois 0%         N/A       67%         3
 Portal Projectile        Hex/Tloc       0%         N/A       67%         3
 Tukima's Dance           Hex            0%         N/A       67%         3
 Vampiric Draining        Necr           0%         2d6       67%         3
 Dispel Undead            Necr           0%         3d6       97%         4
 Fulminant Prism          Conj/Hex       0%         3d5       97%         4
 Blade Hands              Tmut           0%         N/A       100%        5
 Fireball                 Conj/Fire      0%         3d3       100%        5
 Freezing Cloud           Conj/Ice/Air   0%         6-21      100%        5
 Plasma Beam              Fire/Air       0%         2x1d11    100%        6
 Starburst                Conj/Fire      0%         6d3       100%        6


Dungeon Overview and Level Annotations

Branches:
Dungeon (6/15)              Sewer (visited)
 Temple: D:4-7

Altars:
Makhleb
Qazlal
Uskayaw
Xom

Shops:
D:2 ?   D:6 [!

Annotations:
D:4 1 runed translucent door, exclusion: door, Crazy Yiuf
D:5 exclusion: downstairs


Message History

The centaur kicks you but does no damage.
You hit the centaur but do no damage. Lightning courses through the centaur!
The centaur is severely wounded.
The centaur barely misses you. The centaur closely misses you.
The iguana barely misses you.
The centaur hits you but does no damage.
The centaur kicks you but does no damage.
You hit the centaur.
The centaur is severely wounded.
The centaur hits you but does no damage.
The centaur kicks you but does no damage.
The iguana bites you!
You hit the centaur but do no damage.
The centaur is severely wounded.
The centaur hits you but does no damage.
The centaur kicks you. The centaur barely misses you.
The centaur closely misses you. The centaur barely misses you. x2
You hit the centaur.
The centaur is severely wounded.
The centaur hits you.
* * * LOW HITPOINT WARNING * * *
The centaur kicks you but does no damage.
The iguana closely misses you.
You hit the centaur. Lightning courses through the centaur!
You kill the centaur!
The centaur completely misses you. x2
Your life force feels restored.
You hit the centaur.
The centaur is moderately wounded.
The iguana bites you!
* * * LOW HITPOINT WARNING * * *
The centaur hits you.
* * * LOW HITPOINT WARNING * * *
The centaur misses you. The centaur attacks as you move away!
The centaur hits you.
* * * LOW HITPOINT WARNING * * *
The centaur kicks you but does no damage.
The centaur wields a +0 shortbow.
The centaur shoots an arrow.
The arrow hits you!
You die...

.........# #........#
.........# #........#
...).....# #.......
.........# #.....(8
.....f...### #.......
...........## ###...<..>
##########lc######......÷).
#########.)...##......).∩
#.[.....@......'....###(.
#.............##..<.'.#.<
#.∩...........##....#.#..
#.............##........8
#........>...............
#........................
########.............>...
#..........#......
#..........#......


You could see a centaur.

Vanquished Creatures
  Pikel (D:4)
  Grinder (D:3)
  Sigmund (D:5)
  An ogre (D:5)
  2 centaurs (D:6)
  A kobold brigand (D:6)
  A bullfrog (Sewer)
  A wight (D:6)
  4 crimson imps (D:5)
  3 hounds
  2 orc priests
  A sleepcap (D:6)
  Natasha (twice) (D:4)
  2 iguanas
  7 orc wizards
  3 gnolls (D:3)
  8 adders
  2 river rats (D:6)
  4 worms
  2 dart slugs
  22 orcs
  3 ball pythons
  7 endoplasms
  6 giant cockroaches
  13 goblins
  10 hobgoblins
  3 jackals (D:4)
  8 kobolds
  4 quokkas
  8 bats
  11 frilled lizards
  4 rats
148 creatures vanquished.

Vanquished Creatures (collateral kills)
  A bat (D:6)
1 creature vanquished.

Grand Total: 149 creatures vanquished

Notes
Turn   | Place    | Note
-------+----------+-------------------------------------------
     0 | D:1      | H0rd4k the Human Artificer began the quest for the Orb.
     0 | D:1      | Reached XP level 1. HP: 15/15 MP: 1/1
   201 | D:1      | Reached XP level 2. HP: 13/21 MP: 2/2
  1568 | D:2      | Reached XP level 3. HP: 26/26 MP: 3/3
  1800 | D:2      | Found a hide-covered altar of Uskayaw.
  1866 | D:2      | Reached XP level 4. HP: 28/32 MP: 4/4
  1973 | D:2      | Found Avijia's Magic Scroll Emporium.
  2329 | D:3      | Reached skill level 1 in Short Blades
  2433 | D:3      | Noticed Grinder
  2461 | D:3      | Killed Grinder
  2462 | D:3      | Reached skill level 2 in Short Blades
  2462 | D:3      | Reached XP level 5. HP: 25/39 MP: 5/5
  2462 | D:3      | Reached XP level 6. HP: 30/46 MP: 6/6
  2611 | D:3      | Reached skill level 3 in Short Blades
  3359 | D:4      | Reached XP level 7. HP: 48/51 MP: 7/7
  3445 | D:4      | Noticed Natasha
  3453 | D:4      | Killed Natasha
  3513 | D:4      | Found a runed translucent door.
  3514 | D:4      | Noticed Crazy Yiuf
  3587 | D:4      | Reached skill level 4 in Short Blades
  3722 | D:4      | Noticed Pikel
  3875 | D:4      | Killed Pikel
  3876 | D:4      | Reached skill level 5 in Short Blades
  3876 | D:4      | Reached skill level 5 in Evocations
  3876 | D:4      | Reached XP level 8. HP: 44/60 MP: 8/8
  3939 | D:4      | Noticed Natasha
  3950 | D:4      | Killed Natasha
  4206 | D:5      | Entered Level 5 of the Dungeon
  4318 | D:5      | Found a burning altar of Makhleb.
  4468 | D:5      | Reached skill level 6 in Short Blades
  4981 | D:5      | Noticed Sigmund
  4993 | D:5      | Killed Sigmund
  4994 | D:5      | Reached XP level 9. HP: 59/66 MP: 9/9
  5023 | D:5      | Found a shimmering altar of Xom.
  5167 | D:5      | Reached skill level 5 in Dodging
  5209 | D:5      | Found a stormy altar of Qazlal.
  5558 | D:6      | Found Xasol's Distillery.
  5943 | D:6      | Reached skill level 5 in Fighting
  5943 | D:6      | Reached skill level 7 in Short Blades
  5960 | D:6      | Found a glowing drain.
  5976 | Sewer    | Entered a sewer
  6395 | Sewer    | Identified the staff of poison "Dixia" {rPois Will+ Dex+4}
  6730 | D:6      | Found Zamygud's Antique Armour Shoppe.
  6774 | D:6      | Shot with an arrow by a centaur

Illustrated notes

Levels and vault maps discovered:
D:1:      psy_arrival_heroes, layout_loops_ring, serial_co_window_serial,
          co_window_paths_a, co_window_paths_a, co_window_of_opportunity_a,
          co_window_cross_1, co_window_paths_b, co_window_paths_c,
          co_window_corner_cb, co_window_cross_3, co_window_4corner_a,
          co_window_sun, glass_columns_b, glass_columns_c, nrook_uturn,
          serial_bayou_ford_a
D:2:      layout_loops_ring, basic_altar, serial_shops, shop,
          guppyfry_early_lair_pool
D:3:      cheibrodos_greedy_goblins, layout_basic, uniq_grinder
D:4:      layout_loops_ring, chequers_garden, uniq_pikel, uniq_natasha,
          uniq_crazy_yiuf_cottage
D:5:      layout_gridville, mainiacjoe_overflow_paths, led_xom_imps,
          lemuel_coloured_pillars_altar, minmay_a_box_with_orc_wizards_in_it,
          uniq_sigmund
D:6:      lemuel_castle_with_subvaults [lemuel_castle_interior_carwin_1],
          layout_basic, minmay_temple_entry_statues,
          cheibrodos_sewer_entry_sluice, serial_shops, shop,
          nicolae_stop_n_shop_2, chequers_avenue

Skill      XL: |  1  2  3  4  5  6  7  8  9 |
---------------+----------------------------+-----
Evocations     | 4 5 |  5.5
Short Blades   | 2 3 5 6 7 |  7.2
Fighting       | 2 3 4 5 |  5.4
Dodging        | 2 4 5 |  5.9
Maces & Flails | |  0.3
Armour         | |  2.0
Stealth        | |  1.0

Action                     |  1- 3 |  4- 6 |  7- 9 || total
---------------------------+-------+-------+-------++-------
  Melee: Club              |    46 |       |       ||    46
         Dagger            |    43 |   145 |   466 ||   654
         Mace              |     4 |       |       ||     4
         Punch             |       |     1 |     3 ||     4
  Evoke: Wand              |     3 |     6 |    13 ||    22
    Use: Scroll            |       |       |    10 ||    10
   Stab: Sleeping          |     2 |     2 |       ||     4
 Armour: Leather armour    |    35 |    29 |   155 ||   219
  Dodge: Dodged            |    52 |    62 |   293 ||   407
